 Dungeon Crawl Stone Soup version 0.29.1-1-gd02db6906a (webtiles) character file.

Game seed: 4797447460383918122

248 KamiKatze the Conjurer (level 6, -2/36 HPs)
             Began as an Octopode Conjurer on Sept 22, 2022.
             Slain by a centaur (3 damage)
             ... on level 4 of the Dungeon on Sept 23, 2022.
             The game lasted 00:12:14 (3611 turns).

KamiKatze the Conjurer (Octopode Conjurer)          Turns: 3611, Time: 00:12:15

Health: -2/36      AC:  1    Str:  7    XL:     6   Next: 12%
Magic:  11/11      EV: 13    Int: 22    God:
Gold:   84         SH:  0    Dex: 10    Spells: 5/12 levels left

rFire   . . .      SeeInvis .   n - +0 quick blade
rCold   . . .      Faith    .   (no shield)
rNeg    . . .      Spirit   .   (helmet restricted)
rPois   .          Reflect  .   (no amulet)
rElec   .          Harm     .   (no ring)
rCorr   .          Rampage  .   (no ring)
Will    .....                   (no ring)
Stlth   +++.......              (no ring)
HPRegen 0.12/turn               (no ring)
MPRegen 0.12/turn               (no ring)
                                (no ring)
                                (no ring)

@: no status effects
A: almost no armour, amphibious, 8 rings, camouflage 1, gelatinous body 1,
(nimble swimmer 1), tentacles
a: no special abilities


You were on level 4 of the Dungeon.
You visited 1 branch of the dungeon, and saw 4 of its levels.

You collected 84 gold pieces.

Inventory:

Hand Weapons
 f - a +0 short sword
 n - a +0 quick blade (weapon)
Missiles
 g - 6 curare-tipped darts (quivered)
 i - 6 poisoned darts
Wands
 m - a wand of flame (30)
Scrolls
 h - a scroll of fear
Potions
 a - a potion of magic
 b - a potion of degeneration {unknown}
 c - 2 potions of cancellation
 d - 3 potions of flight
 e - 2 potions of mutation
 j - a potion of ambrosia {unknown}
 k - 3 potions of resistance
 l - a potion of berserk rage {unknown}


   Skills:
 + Level 2.9 Dodging
 - Level 4.0 Stealth
 * Level 3.5 Spellcasting
 + Level 4.4 Conjurations
 + Level 1.9 Hexes
 + Level 2.0 Translocations


You had 5 spell levels left.
You knew the following spells:

 Your Spells              Type           Power      Damage    Failure   Level
a - Magic Dart            Conj           92%        1d7       1%          1
b - Searing Ray           Conj           46%        2d6       2%          2
c - Fulminant Prism       Conj/Hex       9%         3d7       30%         4

Your spell library contained the following spells:

 Spells                   Type           Power      Damage    Failure   Level
 Dazzling Flash           Conj/Hex       36%        N/A       10%         3
 Portal Projectile        Hex/Tloc       24%        N/A       16%         3
 Tukima's Dance           Hex            12%        N/A       16%         3
 Iskenderun's Mystic Bla  Conj/Tloc      18%        2d6       30%         4
 Blade Hands              Tmut           1%         N/A       97%         5


Dungeon Overview and Level Annotations

Branches:
Dungeon (4/15)
 Temple: D:4-7

Altars:

Annotations:
D:3 3 runed translucent doors, exclusion: 3 doors, NullDivider's ghost, amateur OpHW; zahami's ghost, weakling DgAE


Innate Abilities, Weirdness & Mutations

You cannot wear most types of armour.
You are amphibious.
You can wear up to eight rings at the same time.
Your skin changes colour to match your surroundings (Stealth+).
Your rubbery body absorbs attacks. (AC +1, EV +1)
((You are camouflaged when in or above water. (Stealth+)))
You have tentacles for arms and can constrict up to eight enemies at once.


Message History

You hit the orc.
You kill the orc!
No target in view!
Things that are here:
a +0 flail; a +0 ring mail You now have 84 gold pieces (gained 15).
You see here 2 stones.
A centaur comes into view.
The centaur shouts!
Found an escape hatch in the floor.
The centaur wields a +0 shortbow.
The centaur shoots an arrow.
The arrow misses you.
The centaur shoots an arrow.
The arrow hits you!
The centaur shoots an arrow.
The arrow hits you!
You barely miss the centaur.
The centaur unwields a +0 shortbow.
The centaur hits you but does no damage.
The centaur misses you.
You hit the centaur.
The centaur is lightly wounded.
The centaur hits you.
* * * LOW HITPOINT WARNING * * *
The centaur kicks you.
* * * LOW HITPOINT WARNING * * *
You hit the centaur. You squeeze the centaur!
The centaur is heavily wounded.
The centaur barely misses you. The centaur misses you.
You hit the centaur but do no damage. Your squeeze misses the centaur.
The centaur is heavily wounded.
The centaur hits you.
* * * LOW HITPOINT WARNING * * *
The centaur misses you.
You hit the centaur.
The centaur is heavily wounded.
The centaur misses you. The centaur closely misses you.
You hit the centaur but do no damage.
You squeeze the centaur, but do no damage.
The centaur is heavily wounded.
The centaur hits you!
* * * LOW HITPOINT WARNING * * *
The centaur kicks you.
You die...

#'##### .......#.
.......#. .......#. #
.......#.## ######
....... ..# ###.....
......c##.# ###.......
.......@..## ##.........
#.>........###........##
#........#..#.......###.
#.............(.....#...
##.......##.#......)#...
##########..#.....##..#
#..##....#....
###...###..#....
........####⌠...


You could see a centaur.

Vanquished Creatures
  A scorpion (D:4)
  An orc wizard (D:4)
  A gnoll (D:1)
  4 adders (D:3)
  4 worms
  A dart slug (D:3)
  5 orcs
  5 ball pythons
  10 endoplasms
  3 giant cockroaches
  9 goblins
  11 hobgoblins
  8 jackals (D:1)
  4 quokkas
  9 bats
  A frilled lizard (D:2)
  6 kobolds
  6 rats
89 creatures vanquished.

Vanquished Creatures (others)
  4 withered plants (D:3)
4 creatures vanquished.

Grand Total: 93 creatures vanquished

Notes
Turn   | Place    | Note
-------+----------+-------------------------------------------
     0 | D:1      | KamiKatze the Octopode Conjurer began the quest for the
                  | Orb.
     0 | D:1      | Reached XP level 1. HP: 11/11 MP: 3/3
   490 | D:1      | Reached XP level 2. HP: 14/17 MP: 1/5
   493 | D:1      | Learned a level 2 spell: Searing Ray
   566 | D:1      | Found a faded altar of an unknown god.
   920 | D:1      | Reached XP level 3. HP: 19/21 MP: 3/6
  1399 | D:2      | Reached skill level 1 in Translocations
  1500 | D:2      | Reached skill level 1 in Hexes
  1702 | D:2      | Reached XP level 4. HP: 27/27 MP: 4/7
  1707 | D:2      | Learned a level 4 spell: Fulminant Prism
  2030 | D:3      | Found a runed translucent gate.
  2030 | D:3      | Found a runed translucent gate.
  2030 | D:3      | Found a runed translucent gate.
  2032 | D:3      | Noticed NullDivider's ghost (amateur OpHW)
  2032 | D:3      | Noticed NullDivider's ghost (amateur OpHW)
  2033 | D:3      | Noticed zahami's ghost (weakling DgAE)
  2686 | D:3      | Reached XP level 5. HP: 31/31 MP: 3/9
  3483 | D:4      | Reached XP level 6. HP: 36/36 MP: 7/11
  3611 | D:4      | HP: 1/36 [centaur (7)]
  3611 | D:4      | Slain by a centaur

Illustrated notes

Levels and vault maps discovered:
D:1:      eino_arrival_cavern_a, layout_basic,
          shapermc_ecumenical_altar_totnotflames
D:2:      layout_rooms, dk_noncrumbling_4
D:3:      layout_loops_ring, gammafunk_ghost_cemetery, minmay_increasing_density
D:4:      kennysheep_spiral_hall, layout_basic, nicolae_sif_muna_little_library,
          minmay_splitting_lines

Skill      XL: |  1  2  3  4  5  6 |
---------------+-------------------+-----
Stealth        | 3 4 |  4.0
Translocations | 1 2 |  2.0
Hexes          | 1 |  1.9
Spellcasting   | 3 |  3.5
Dodging        | |  2.9
Conjurations   | |  4.4

Action                   |  1- 3 |  4- 6 || total
-------------------------+-------+-------++-------
Melee: Unarmed           |    12 |       ||    12
       Constrict         |     7 |     6 ||    13
       Tentacles         |     5 |     9 ||    14
       Short sword       |    17 |    12 ||    29
       Quick blade       |       |    15 ||    15
 Cast: Magic Dart        |    54 |    62 ||   116
       Searing Ray       |     2 |    14 ||    16
  Use: Scroll            |       |     9 ||     9
 Stab: Sleeping          |     5 |     2 ||     7
Armor: Skin              |     3 |     5 ||     8
Dodge: Dodged            |    15 |    22 ||    37
